 Dungeon Crawl Stone Soup version 0.31-a0-667-g39726597b9 (webtiles) character file.

Game seed: 4179711441760700528

1400 Zonian the Protected (level 8, 0/61 HPs)
             Began as a Gnoll Wanderer on Sept 4, 2023.
             Was an Initiate of Ashenzari.
             Slain by an orc warrior
             ... wielding a +0 long sword
              (11 damage)
             ... on level 5 of the Dungeon.
             The game lasted 00:16:44 (7443 turns).

Zonian the Protected (Gnoll Wanderer)               Turns: 7443, Time: 00:16:44

Health: 0/61       AC: 14    Str: 15    XL:     8   Next: 69%
Magic:  23/23      EV:  9    Int: 10    God:    Ashenzari [......]
Gold:   311        SH:  0    Dex: 12    Spells: 15/16 levels left

rFire   . . .        b - +0 dagger (speed)
rCold   . . .        (no shield)
rNeg    . . .        d - +0 chain mail
rPois   .            (no helmet)
rElec   .            (no cloak)
rCorr   .            D - +2 pair of gloves
SInv    .            (no boots)
Will    .....        h - amulet of regeneration Stlth
                     q - ring of magical power
HPRegen 1.10/turn    (no ring)
MPRegen 0.18/turn

%: no passive effects
@: on berserk cooldown, slowed, very slow
A: fangs 1, strong nose, distributed training
a: Renounce Religion


You were on level 5 of the Dungeon.
You worshipped Ashenzari.
Ashenzari was noncommittal.
You visited 2 branches of the dungeon, and saw 6 of its levels.

You collected 311 gold pieces.

Inventory:

Hand Weapons
 a - a +0 club
 b - a +0 dagger of speed (weapon)
 e - a +0 dagger
 i - a +0 short sword
 B - a +2 mace of protection
Missiles
 A - 4 silver javelins
Armour
 d - a +0 chain mail (worn)
 j - a +0 helmet
 o - a +3 ring mail
 D - a +2 pair of gloves (worn)
Magical Staves
 x - a staff of cold
Jewellery
 h - an amulet of regeneration (around neck)
 q - a ring of magical power (left hand)
Scrolls
 c - 3 scrolls of fog
Potions
 g - 2 potions of curing
 p - 2 potions of attraction
 s - 2 potions of enlightenment
 t - 2 potions of heal wounds
 u - a potion of lignification
 C - 2 potions of mutation


   Skills:
 + Level 4.4 Fighting
 + Level 3.5 Short Blades
 + Level 3.5 Long Blades
 + Level 3.5 Axes
 + Level 3.5 Maces & Flails
 + Level 3.5 Polearms
 + Level 3.5 Staves
 + Level 3.5 Ranged Weapons
 + Level 3.5 Throwing
 + Level 9.3 Armour
 + Level 4.4 Dodging
 + Level 4.3 Stealth
 + Level 3.5 Shields
 + Level 3.5 Unarmed Combat
 + Level 4.6 Spellcasting
 + Level 2.9 Conjurations
 + Level 2.9 Hexes
 + Level 2.9 Summonings
 + Level 2.9 Necromancy
 + Level 2.9 Translocations
 + Level 2.9 Transmutations
 + Level 4.8 Fire Magic
 + Level 2.9 Ice Magic
 + Level 2.9 Air Magic
 + Level 2.9 Earth Magic
 + Level 2.9 Poison Magic
 + Level 3.9 Invocations
 + Level 3.5 Evocations
 + Level 3.2 Shapeshifting


You had 15 spell levels left.
You knew the following spells:

 Your Spells              Type           Power      Damage    Failure   Level
a - Foxfire               Conj/Fire      40%        2x1d6     41%         1

Your spell library contained the following spells:

 Spells                   Type           Power      Damage    Failure   Level
 Cigotuvi's Dreadful Rot  Necr/Pois/Air  16%        N/A       69%         2
 Inner Flame              Hex/Fire       10%        N/A       80%         3
 Hailstorm                Conj/Ice       8%         3d4       89%         3
 Dispel Undead            Necr           8%         3d8       100%        4
 Summon Ice Beast         Ice/Summ       8%         N/A       100%        4
 Death Channel            Necr           4%         N/A       100%        6
 Simulacrum               Ice/Necr       4%         N/A       100%        6


Dungeon Overview and Level Annotations

Branches:
Dungeon (5/15)             Temple (1/1) D:5

Altars:
Ashenzari
Cheibriados
Dithmenos
Elyvilon
Fedhas
Gozag
Kikubaaqudgha
Makhleb
Nemelex Xobeh
Okawaru
Qazlal
Ru
Sif Muna
Trog
Uskayaw
Vehumet
Wu Jian
Xom
Yredelemnul


Innate Abilities, Weirdness & Mutations

You have very sharp teeth.
Your uncanny sense of smell can sniff out nearby items.
Your experience applies equally to all skills.


Message History

The orc warrior barely misses you.
You hit the orc warrior. Your punch misses the orc warrior.
The orc warrior is heavily wounded.
The orc warrior hits you with a +0 long sword!
Unknown command.
You hit the orc warrior but do no damage.
The orc warrior is heavily wounded.
You barely miss the orc warrior. Your bite misses the orc warrior.
The orc warrior is heavily wounded.
The orc warrior hits you with a +0 long sword.
Unknown command.
You hit the orc warrior but do no damage.
You bite the orc warrior, but do no damage.
The orc warrior is heavily wounded.
The orc warrior hits you with a +0 long sword.
* * * LOW HITPOINT WARNING * * *
You hit the orc warrior but do no damage.
The orc warrior is heavily wounded.
The orc warrior barely misses you.
Unknown command.
Aiming: Quicksilver Bolt
Press: ? - help, Shift-Dir - straight line, f - orc warrior
Aim: an orc warrior, wielding a +0 long sword and wearing a +4 plate armour (heavily wounded, 74% to hit)
The bolt of dispelling energy hits the orc warrior.
The orc warrior is heavily wounded.
The orc warrior barely misses you.
You hit the orc warrior but do no damage.
You bite the orc warrior, but do no damage.
The orc warrior is heavily wounded.
The orc warrior hits you with a +0 long sword!
* * * LOW HITPOINT WARNING * * *
Unknown command.
Aiming: Quicksilver Bolt
Press: ? - help, Shift-Dir - straight line, f/p - orc warrior
Aim: an orc warrior, wielding a +0 long sword and wearing a +4 plate armour (heavily wounded, 74% to hit)
The bolt of dispelling energy misses the orc warrior.
The now-empty wand crumbles to dust.
The orc warrior hits you but does no damage.
The orc warrior hits you with a +0 long sword!
You die...

♣'♣###### ###### ####.##..# ...#
#....#####)#.##..#### ...#
#.##J'9..#+####>..... ...#
#####.##.#s#.#..###...### ...#
#...#..h.#.. .9#........
...######.###'###############.##.
#.......#.##.....#......# ##.##.
##.........#.#.#.#.#..#.# #.....
#.......#.##..#o@#..##..# #.###.
##....###.##.#.#)#..##..####.#...
##...)##..#.....'.#..#.#..#.#.#.
#......##########.......).#.....
##......##...# #########.###.##
##.#....#...#### #...........#
####.#........# #..#.##.#####
####.......###..#.##.#
####.#..................#


You could see an orc warrior.

Vanquished Creatures
  A gargoyle (D:5)
  A water moccasin (D:4)
  An ice beast (D:5)
  A black bear (D:5)
  Pargi (D:3)
  A centaur (D:5)
  3 phantoms (D:5)
  2 scorpions
  A jelly (D:5)
  2 hounds (D:5)
  A sleepcap (D:4)
  An iguana (D:4)
  9 gnolls
  3 adders
  A white imp (D:3)
  An ufetubus (D:4)
  2 dart slugs
  4 orcs
  A ball python (D:1)
  5 endoplasms
  3 giant cockroaches
  4 goblins
  4 hobgoblins
  A jackal (D:3)
  2 quokkas
  2 bats
  3 frilled lizards
  7 kobolds
68 creatures vanquished.

Vanquished Creatures (others)
  25 foxfires
25 creatures vanquished.

Grand Total: 93 creatures vanquished

Notes
Turn   | Place    | Note
-------+----------+-------------------------------------------
     0 | D:1      | Zonian the Gnoll Wanderer began the quest for the Orb.
     0 | D:1      | Zonian set off with the following items: a +0 club, a
                  | potion of lignification, a scroll of fog, a +0 chain mail;
                  | and the following spell memorised: Foxfire; and the
                  | following spells available to memorise: Inner Flame.
     0 | D:1      | Reached XP level 1. HP: 17/17 MP: 4/4
   103 | D:1      | Reached XP level 2. HP: 22/23 MP: 5/5
   764 | D:2      | Reached XP level 3. HP: 28/28 MP: 7/7
  1037 | D:2      | Reached skill level 1 in Invocations
  1073 | D:2      | Reached skill level 1 in Short Blades
  1073 | D:2      | Reached skill level 1 in Long Blades
  1073 | D:2      | Reached skill level 1 in Axes
  1073 | D:2      | Reached skill level 1 in Maces & Flails
  1073 | D:2      | Reached skill level 1 in Polearms
  1073 | D:2      | Reached skill level 1 in Staves
  1073 | D:2      | Reached skill level 1 in Ranged Weapons
  1073 | D:2      | Reached skill level 1 in Throwing
  1073 | D:2      | Reached skill level 1 in Shields
  1073 | D:2      | Reached skill level 1 in Unarmed Combat
  1073 | D:2      | Reached skill level 1 in Evocations
  1103 | D:2      | Reached skill level 1 in Shapeshifting
  1103 | D:2      | Reached XP level 4. HP: 26/34 MP: 2/8
  1903 | D:3      | Reached skill level 1 in Conjurations
  1903 | D:3      | Reached skill level 1 in Hexes
  1903 | D:3      | Reached skill level 1 in Summonings
  1903 | D:3      | Reached skill level 1 in Necromancy
  1903 | D:3      | Reached skill level 1 in Translocations
  1903 | D:3      | Reached skill level 1 in Transmutations
  1903 | D:3      | Reached skill level 1 in Ice Magic
  1903 | D:3      | Reached skill level 1 in Air Magic
  1903 | D:3      | Reached skill level 1 in Earth Magic
  1903 | D:3      | Reached skill level 1 in Poison Magic
  3139 | D:3      | Noticed Pargi
  3346 | D:3      | Reached XP level 5. HP: 40/40 MP: 9/9
  3775 | D:3      | Killed Pargi
  3776 | D:3      | Reached XP level 6. HP: 46/47 MP: 11/11
  4330 | D:4      | Noticed a water moccasin
  4365 | D:4      | Killed a water moccasin
  4796 | D:4      | Reached XP level 7. HP: 27/52 MP: 12/12
  5664 | D:5      | Entered Level 5 of the Dungeon
  5831 | D:5      | Found a snail-covered altar of Cheibriados.
  5850 | D:5      | Reached skill level 9 in Armour
  6227 | D:5      | Found a blossoming altar of Fedhas.
  6228 | D:5      | Found a sacrificial altar of Ru.
  6229 | D:5      | Found a basalt altar of Yredelemnul.
  6670 | D:5      | Reached XP level 8. HP: 53/60 MP: 14/14
  6754 | D:5      | Found a staircase to the Ecumenical Temple.
  6767 | Temple   | Entered the Ecumenical Temple
  6918 | Temple   | Became a worshipper of Ashenzari the Shackled
  7290 | D:5      | Noticed a gargoyle
  7376 | D:5      | Found the +9 sword of Power {lifebolt}
  7419 | D:5      | Killed a gargoyle
  7443 | D:5      | Slain by an orc warrior

Illustrated notes

Levels and vault maps discovered:
D:1:      dpeg_arrival_round_a, layout_rooms, hangedman_decor_points
D:2:      layout_loops_corners, guppyfry_early_lair_pool
D:3:      layout_basic, eino_tiny_chamber, uniq_pargi
D:4:      layout_gridville
D:5:      minmay_clustersquares, layout_loops_cross,
          mainiacjoe_overflow_six_doors_small, grunt_temple_overflow_open,
          nicolae_figureground_sparkle
Temple:   nicolae_temple_bog_church

Skill      XL: |  1  2  3  4  5  6  7  8 |
---------------+-------------------------+-----
Invocations    | 1 2 3 |  3.9
Short Blades   | 1 2 3 |  3.5
Long Blades    | 1 2 3 |  3.5
Axes           | 1 2 3 |  3.5
Maces & Flails | 1 2 3 |  3.5
Polearms       | 1 2 3 |  3.5
Staves         | 1 2 3 |  3.5
Ranged Weapons | 1 2 3 |  3.5
Throwing       | 1 2 3 |  3.5
Shields        | 1 2 3 |  3.5
Unarmed Combat | 1 2 3 |  3.5
Evocations     | 1 2 3 |  3.5
Shapeshifting  | 1 2 3 |  3.2
Spellcasting   | 3 4 |  4.6
Conjurations   | 1 2 |  2.9
Hexes          | 1 2 |  2.9
Summonings     | 1 2 |  2.9
Necromancy     | 1 2 |  2.9
Translocations | 1 2 |  2.9
Transmutations | 1 2 |  2.9
Ice Magic      | 1 2 |  2.9
Air Magic      | 1 2 |  2.9
Earth Magic    | 1 2 |  2.9
Poison Magic   | 1 2 |  2.9
Fighting       | 3 4 |  4.4
Dodging        | 3 4 |  4.4
Stealth        | 3 4 |  4.3
Fire Magic     | 4 |  4.8
Armour         | 9 |  9.3

Action                     |  1- 3 |  4- 6 |  7- 9 || total
---------------------------+-------+-------+-------++-------
  Melee: Dagger            |    85 |   248 |   371 ||   704
         Bite              |    17 |    36 |    57 ||   110
         Club              |     2 |       |       ||     2
         Short sword       |   118 |     6 |       ||   124
         Punch             |     2 |     7 |     9 ||    18
   Cast: Foxfire           |     4 |     6 |     3 ||    13
  Evoke: Wand              |       |     5 |     6 ||    11
    Use: Potion            |     1 |       |     1 ||     2
         Scroll            |       |       |    14 ||    14
 Armour: Chain mail        |   158 |   168 |   240 ||   566
         Skin              |    56 |       |       ||    56
  Dodge: Dodged            |   104 |    79 |    89 ||   272

Table legend: (Time is in decaauts)
 A = Elapsed time spent in this place.
 B = Non-inter-level travel time spent in this place.
 C = Inter-level travel time spent in this place.
 D = Time resting spent in this place.
 E = Time spent auto-exploring this place.
 F = Levels seen in this place.
 G = Mean time per level.
                   A        B        C        D        E       F      G
               +--------+--------+--------+--------+--------+-----+--------+
         Total |   7205 |   6971 |    234 |   3384 |   2163 |   6 | 1200.8 |
       Dungeon |   7015 |   6794 |    221 |   3384 |   2163 |   5 | 1403.0 |
        Temple |    189 |    176 |     13 |      0 |      0 |   1 |  189.0 |
               +--------+--------+--------+--------+--------+-----+--------+

Top non-repeatable levels by time:
     D:2: 2443 daAuts
     D:4: 2054 daAuts
     D:5: 1226 daAuts
     D:1: 747 daAuts
     D:3: 543 daAuts
  Temple: 189 daAuts
